 Dungeon Crawl Stone Soup version 0.31-a0-1074-g0b22e4e0f1 (webtiles) character file.

Game seed: 2457940834493540207

113 grandjackal the Trooper (level 4, 0/37 HPs)
             Began as a Mummy Fighter on Nov 30, 2023.
             Slain by an ogre
             ... wielding a +0 giant club
              (27 damage)
             ... on level 3 of the Dungeon.
             The game lasted 00:01:54 (1930 turns).

grandjackal the Trooper (Mummy Fighter)             Turns: 1930, Time: 00:01:54

Health: 0/37       AC: 11    Str: 21    XL:     4   Next: 65%
Magic:  4/4        EV:  9    Int:  7    God:
Gold:   72         SH:  4    Dex: 11    Spells: 3/3 levels left

rFire   x . .        a - +0 war axe
rCold   + . .        c - +0 buckler
rNeg    + + +        b - +0 scale mail
rPois   ∞            h - +0 helmet
rElec   .            (no cloak)
rCorr   .            (no gloves)
SInv    .            j - +2 pair of boots
Will    .....        (no amulet) Stlth
                     (no ring)
HPRegen 0.26/turn    (no ring)
MPRegen 0.09/turn

%: faith
@: no status effects
A: cold resistance 1, negative energy resistance 3, torment resistance 2, heat
vulnerability 1, in touch with death 1, no potions, faith
a: no special abilities


You were on level 3 of the Dungeon.
You visited 1 branch of the dungeon, and saw 3 of its levels.

You collected 197 gold pieces.
You spent 125 gold pieces at shops.

Inventory:

Hand Weapons
 a - a +0 war axe (weapon)
Armour
 b - a +0 scale mail (worn)
 c - a +0 buckler (worn)
 h - a +0 helmet (worn)
 j - a +2 pair of boots (worn)
Scrolls
 d - 4 scrolls of poison
 e - 3 scrolls of identify {unknown}
 f - 3 scrolls of amnesia {unknown}
 g - 2 scrolls of noise {unknown}
 i - a scroll of vulnerability
 k - a scroll of revelation {unknown}
 l - a scroll of enchant weapon {unknown}


   Skills:
 + Level 3.7 Fighting
 + Level 2.4 Axes
 + Level 3.0 Armour
 + Level 3.0 Shields


You had 3 spell levels left.
You didn't know any spells.
Your spell library contained the following spells:

 Spells                   Type           Power      Damage    Failure   Level
 Static Discharge         Conj/Air       0%         3-3/arc   93%         2
 Airstrike                Air            0%         2d(0-16)  100%        4
 Summon Lightning Spire   Summ/Air       0%         N/A       100%        4


Dungeon Overview and Level Annotations

Branches:
Dungeon (3/15)

Altars:

Shops:
D:2 (*:::


Innate Abilities, Weirdness & Mutations

You are immune to poison.
Your flesh is cold resistant. (rC+)
You are immune to negative energy. (rN+++)
You are immune to unholy pain and torment.
You are vulnerable to heat. (rF-)
You are in touch with the powers of death.
You do not drink.
You have a special connection with the divine. (Faith)


Message History

There is a dry fountain here.
You see here a +0 ring mail.
Found a stone staircase leading down.
A worm comes into view.
Found 9 gold pieces.
The worm bites you but does no damage.
You hit the worm.
The worm is lightly wounded.
You barely miss the worm.
The worm is lightly wounded.
The worm bites you.
You hit the worm.
The worm is lightly wounded.
The worm closely misses you.
You barely miss the worm.
The worm is lightly wounded.
The worm closely misses you.
You slash the worm!
The worm is heavily wounded.
The worm closely misses you.
You hit the worm.
The worm is severely wounded.
The worm bites you.
You slash the worm!
You kill the worm!
No target in view!
g - 2 scrolls labelled BIUDOSSEAMN (gained 1)
You now have 61 gold pieces (gained 9).
You now have 72 gold pieces (gained 11).
l - a scroll labelled JIDUULLACOA An ogre comes into view.
It is wielding a +0 giant club.
The ogre shouts!
The ogre hits you with a +0 giant club!
You slash the ogre!
The ogre is moderately wounded.
You slash the ogre!
The ogre is severely wounded.
The ogre hits you with a +0 giant club!!
Ouch! That really hurt!
You die...

...#...##.####.##.#
##8.⌠..##
.#..............#.#
#.#...#.#
........#.####..#.#
#..###.## ....<.#.#.#
#..#.####[.# ###
....#.#.#.####..........#
........#...............#
#.###.....>.....#.#######
### #.###########.#
#..........O@>#
###############


You could see an ogre.

Vanquished Creatures
  Jessica (D:3)
  3 adders (D:2)
  2 worms
  A dart slug (D:1)
  2 orcs (D:3)
  5 ball pythons
  4 bats
  6 endoplasms
  4 giant cockroaches
  3 goblins
  4 hobgoblins (D:1)
  3 jackals (D:1)
  A quokka (D:1)
  4 kobolds
  6 rats
49 creatures vanquished.

Notes
Turn   | Place    | Note
-------+----------+-------------------------------------------
     0 | D:1      | grandjackal the Mummy Fighter began the quest for the Orb.
     0 | D:1      | Reached XP level 1. HP: 18/18 MP: 1/1
   130 | D:1      | Reached XP level 2. HP: 24/24 MP: 2/2
   539 | D:1      | Reached XP level 3. HP: 29/29 MP: 3/3
   748 | D:2      | Found Xoliodul's Book Boutique.
   785 | D:2      | Found Reutodor's Book Shop.
   861 | D:2      | Found Gaarabre's General Store.
   870 | D:2      | Bought a +0 helmet for 45 gold pieces
   870 | D:2      | Bought a scroll of poison for 40 gold pieces
  1002 | D:2      | Found Xodal's Antique Weapon Shop.
  1113 | D:2      | Found Ymiuneoh's Book Emporium.
  1274 | D:2      | Reached XP level 4. HP: 32/36 MP: 4/4
  1345 | D:2      | Bought a scroll of vulnerability for 40 gold pieces
  1511 | D:3      | Noticed Jessica
  1515 | D:3      | Killed Jessica
  1757 | D:3      | Found a faded altar of an unknown god.
  1927 | D:3      | Noticed an ogre
  1930 | D:3      | Slain by an ogre

Illustrated notes

Levels and vault maps discovered:
D:1:      lemuel_arrival_broad_hall, layout_loops_cross
D:2:      layout_basic, serial_shops, shop, nicolae_shop_tiny_real_fake_doors,
          nicolae_shop_advertising_works [nicolae_subvault_shop_adworks],
          nicolae_book_shop_shelving, nicolae_shop_peninsula,
          roderic_roman_lattice
D:3:      layout_loops_ring, shapermc_ecumenical_altar_venn,
          serial_co_window_serial, co_window_cross_1, co_window_paths_b,
          co_window_cross_1, co_window_corner_a, co_window_paths_a,
          co_window_paths_c, co_window_corner_b, co_window_of_opportunity_b,
          co_window_4corner_b, glass_columns_c, kennysheep_generic_room_7,
          uniq_jessica

Skill      XL: |  1  2  3  4 |
---------------+-------------+-----
Axes           | 2 |  2.4
Armour         | 3 |  3.0
Shields        | 3 |  3.0
Fighting       | |  3.7

Action                     |  1- 3 |  4- 6 || total
---------------------------+-------+-------++-------
  Melee: War axe           |   113 |    24 ||   137
 Armour: Scale mail        |    95 |    12 ||   107
  Dodge: Dodged            |    57 |     8 ||    65
  Block: Buckler           |    24 |     1 ||    25

Table legend: (Time is in decaauts)
 A = Elapsed time spent in this place.
 B = Non-inter-level travel time spent in this place.
 C = Inter-level travel time spent in this place.
 D = Time resting spent in this place.
 E = Time spent auto-exploring this place.
 F = Levels seen in this place.
 G = Mean time per level.
                   A        B        C        D        E       F      G
               +--------+--------+--------+--------+--------+-----+--------+
         Total |   1988 |   1927 |     61 |      0 |   1563 |   3 |  662.7 |
       Dungeon |   1988 |   1927 |     61 |      0 |   1563 |   3 |  662.7 |
               +--------+--------+--------+--------+--------+-----+--------+

Top non-repeatable levels by time:
     D:2: 724 daAuts
     D:1: 681 daAuts
     D:3: 582 daAuts
